 Dungeon Crawl Stone Soup version 0.24.0-13-gcf9b319 (webtiles) character file.

Game seed: 13284719178616344689, levelgen mode: deterministic

122 Fang the Shield-Bearer (level 5, -8/33 HPs)
             Began as a Gargoyle Fighter on Dec 19, 2019.
             Killed from afar by an orc wizard (9 damage)
             ... with a magic dart
             ... on level 3 of the Dungeon.
             The game lasted 00:01:46 (1627 turns).

Fang the Shield-Bearer (Gargoyle Fighter)           Turns: 1627, Time: 00:01:47

Health: -8/33      AC: 19    Str: 21    XL:     5   Next: 6%
Magic:  5/5        EV:  4    Int:  8    God:
Gold:   116        SH:  9    Dex:  9    Spells: 4/4 levels left

rFire    . . .     SeeInvis .   a - +0 war axe
rCold    . . .     Gourm    .   B - +0 shield
rNeg     + . .     Faith    .   b - +0 plate armour
rPois    ∞         Spirit   .   (no helmet)
rElec    +         Reflect  .   (no cloak)
rCorr    .         Harm     .   (no gloves)
MR       .....                  j - +2 pair of boots
Stlth    ..........             (no amulet)
HPRegen  0.11/turn              (no ring)
MPRegen  0.09/turn              (no ring)

@: no status effects
A: negative energy resistance 1, electricity resistance, unbreathing,
petrification resistance, rot immunity, AC +4
a: no special abilities


You were on level 3 of the Dungeon.
You were not hungry.

You visited 1 branch of the dungeon, and saw 3 of its levels.

You collected 116 gold pieces.

Inventory:

Hand Weapons
 a - a +0 war axe (weapon)
Armour
 b - a +0 plate armour (worn)
 j - a +2 pair of boots (worn)
 B - a +0 shield (worn)
Wands
 m - a wand of clouds (6)
Scrolls
 e - a scroll of immolation {unknown}
 f - a scroll of identify {unknown}
 h - a scroll of teleportation {unknown}
 i - a scroll of amnesia {unknown}
 n - a scroll of enchant armour {unknown}
Potions
 d - 2 potions of might
 g - 2 potions of ambrosia {unknown}
 k - a potion of brilliance {unknown}
Comestibles
 c - 4 rations
 l - 5 chunks of flesh


   Skills:
 + Level 4.1 Fighting
 + Level 2.7 Axes
 + Level 4.1 Armour
 + Level 4.2 Shields


You had 4 spell levels left.
You didn't know any spells.
Your spell library was empty.

Dungeon Overview and Level Annotations

Branches:
Dungeon (3/15)

Altars:


Innate Abilities, Weirdness & Mutations

You are resistant to torment.
Your stone body is resilient. (AC +4)
You are immune to poison.
You resist negative energy. (rN+)
You are resistant to electric shocks. (rElec)
You can survive without breathing.
You are immune to petrification.
You are immune to rotting.


Message History

You hear some strange, mumbled words.
You closely miss something. Something hits you but does no damage.
You block something's attack.
You miss something.
Something hits you but does no damage. x2
You hit something but do no damage. You block something's attack.
Something hits you but does no damage.
You closely miss something.
Something hits you but does no damage. x3
You closely miss something.
You hear some strange, mumbled words.
A puff of frost appears from out of thin air!
The puff of frost hits you!
* * * LOW HITPOINT WARNING * * *
You hear some strange, mumbled words.
A puff of flame appears from out of thin air!
The puff of flame hits you but does no damage.
You miss something. Something hits you but does no damage.
You hear some strange, mumbled words.
A magic dart appears from out of thin air!
The magic dart hits you!
You die...

...### .# ....# #####
.#.## ..÷.# #... ....
....########.#### ..##
................##....
.#####............# .#
#.#.###.##...# .#
#.#.# #.##...#
.#####.#.# #.##.@{#
.......#.# #.##)))#
########.# #.##...#
#.# #....... #.#
####.?... #.....#
#.....# .......


There were no monsters in sight!

Vanquished Creatures
  An orc wizard (D:3)
  4 adders (D:2)
  An ooze (D:2)
  A worm (D:2)
  A dart slug (D:3)
  2 leopard geckos (D:2)
  3 orcs (D:3)
  A ball python (D:3)
  A giant cockroach (D:1)
  6 goblins
  5 hobgoblins
  2 jackals (D:3)
  5 bats
  3 frilled lizards
  5 kobolds
  2 rats
43 creatures vanquished.

Notes
Turn   | Place    | Note
-------+----------+-------------------------------------------
     0 | D:1      | Fang the Gargoyle Fighter began the quest for the Orb.
     0 | D:1      | Reached XP level 1. HP: 14/14 MP: 1/1
   180 | D:1      | Reached XP level 2. HP: 15/19 MP: 2/2
  1064 | D:2      | Reached XP level 3. HP: 20/23 MP: 3/3
  1446 | D:2      | Reached XP level 4. HP: 29/29 MP: 4/4
  1613 | D:3      | Reached XP level 5. HP: 15/33 MP: 5/5
  1626 | D:3      | HP: 1/33 [something/puff of frost (8)]
  1627 | D:3      | Killed from afar by an orc wizard

Levels and vault maps discovered:
D:1:      dpeg_arrival_arbitrary_a, layout_basic, chequers_hall_statues_y
D:2:      layout_rooms, first_ration, minmay_between
D:3:      layout_loops_ring, serial_bayou, serial_bayou_pond_c,
          serial_bayou_shore_b, serial_bayou_shore_a, serial_bayou_pond_a,
          uniq_natasha, uniq_crazy_yiuf_cottage, uniq_ijyb

Skill      XL: |  1  2  3  4 |
---------------+-------------+-----
Axes           | 2 |  2.7
Armour         | 4 |  4.1
Shields        | 4 |  4.2
Fighting       | 4 |  4.1

Action                   |  1- 3 |  4- 6 || total
-------------------------+-------+-------++-------
Melee: War axe           |   122 |    72 ||   194
  Eat: Chunk             |     1 |     2 ||     3
Armor: Scale mail        |    18 |       ||    18
       Plate armour      |   109 |    91 ||   200
Dodge: Dodged            |    33 |    22 ||    55
Block: Shield            |    84 |    64 ||   148
